 Dungeon Crawl Stone Soup version 0.20-a0-903-g7e3609c (webtiles) character file.

84 Goblin1989 the Cudgeler (level 4, -1/36 HPs)
             Began as a Barachi Fighter on Mar 20, 2017.
             Was a Follower of Okawaru.
             Slain by a white imp (2 damage)
             ... summoned by Natasha
             ... on level 2 of the Dungeon.
             The game lasted 00:02:03 (879 turns).

Goblin1989 the Cudgeler (Barachi Fighter)            Turns: 879, Time: 00:02:04

Health: -1/36      AC:  6    Str: 18    XL:     4   Next: 46%
Magic:  3/4        EV:  7    Int:  8    God:    Okawaru [*.....]
Gold:   104        SH:  9    Dex: 12    Spells: 3/3 levels left

rFire    + . .     SeeInvis .   a - +0 flail
rCold    + . .     Gourm    .   b - +0 scale mail
rNeg     . . .     Faith    .   c - +0 shield
rPois    +         Spirit   .   (no helmet)
rElec    +         Reflect  .   (no cloak)
rCorr    +         Harm     .   (no gloves)
MR       .....                  (no boots)
Stlth    ..........             (no amulet)
Regen    0.2/turn               (no ring)
MPRegen  0.1/turn               (no ring)

@: resistant, can't hop, slow
A: +LOS, swims, slowness 1, strong legs 1
a: Hop, Heroism, Renounce Religion


You were on level 2 of the Dungeon.
You worshipped Okawaru.
Okawaru was aware of your devotion.
You were hungry.

You visited 1 branch of the dungeon, and saw 2 of its levels.

You collected 104 gold pieces.

Inventory:

Hand Weapons
 a - a +0 flail (weapon)
Armour
 b - a +0 scale mail (worn)
 c - a +0 shield (worn)
Scrolls
 g - a scroll of teleportation {unknown}
 i - a scroll of identify {unknown}
 j - a scroll of recharging {unknown}
Potions
 d - 2 potions of might
Comestibles
 e - 2 bread rations {@e1}
 f - a royal jelly
 h - 2 chunks of flesh


   Skills:
 - Level 3.6 Fighting
 + Level 5.0 Maces & Flails
 - Level 3.6 Armour
 - Level 3.2 Shields


You had 3 spell levels left.
You didn't know any spells.

Dungeon Overview and Level Annotations

Branches:
Dungeon (2/15)

Altars:
Okawaru

Annotations:
D:2 Natasha


Innate Abilities, Weirdness & Mutations

Shadows flee at your approach. (+LOS)
You can swim through water.
You cover ground slowly.
You can hop short distances.


Message History

You sock Ijyb!
Ijyb is moderately wounded.
Natasha claws you!
The goblin shoots a stone.
You block the stone.
You thump Ijyb!
Ijyb is severely wounded.
Ijyb hits you but does no damage. Natasha casts a spell at you.
The magic dart hits you!
* * * LOW HITPOINT WARNING * * *
The goblin shoots a stone.
The stone hits you but does no damage.
You are too injured to fight recklessly!
You are too injured to fight recklessly!
You are too injured to fight recklessly!
You are too injured to fight recklessly!
You are too injured to fight recklessly!
You are too injured to fight recklessly!
You are too injured to fight recklessly!
You are too injured to fight recklessly!
Your shield and scale mail prevent you from hitting Ijyb.
Ijyb is severely wounded.
Ijyb barely misses you. You block Natasha's attack.
The goblin shoots a stone.
The stone hits you but does no damage.
You take 17 damage, and have 12/29 hp.
MASSIVE DAMAGE!!
Unknown command.
You sock Ijyb!
You kill Ijyb!
Okawaru accepts your kill.
You have reached level 4!
You feel agile. Natasha claws you but does no damage.
You regained 4 hp, and now have 16/36 hp.
You hit Natasha.
Natasha is lightly wounded.
You feel like a meek peon again. Natasha claws you.
* * * LOW HITPOINT WARNING * * *
You take 5 damage, and have 11/36 hp.
You barely miss Natasha.
Natasha is lightly wounded.
The goblin shoots a stone.
You block the stone. Natasha claws you but does no damage.
You barely miss Natasha.
Natasha is lightly wounded.
The goblin shoots a stone.
You block the stone.
Natasha wildly gestures.
You feel troubled. Natasha claws you.
* * * LOW HITPOINT WARNING * * *
You take 4 damage, and have 7/36 hp.
You sock Natasha!
Natasha is severely wounded.
Natasha claws you.
* * * LOW HITPOINT WARNING * * *
You block Natasha's attack.
You take 5 damage, and have 2/36 hp.
Unknown command.
Hop to where?
Press: ? - help, Dir - move target cursor Boing!
It was a potion of resistance.
You feel protected.
Natasha mumbles some strange words.
You sock Natasha!
You kill Natasha!
Okawaru accepts your kill.
Natasha growls in agony!
The iron imp disappears in a puff of smoke!
Your Maces & Flails skill increases to level 5!
Natasha, Servant of Life and Death comes into view.
You closely miss the goblin.
The goblin unwields an uncursed hunting sling.
The goblin hits you but does no damage.
Natasha mumbles some strange words.
You closely miss the goblin. You block the goblin's attack.
You hit the goblin.
The goblin is heavily wounded.
The goblin hits you.
* * * LOW HITPOINT WARNING * * *
You block the goblin's attack.
You take 3 damage, and have 1/36 hp.
You closely miss the goblin.
The goblin is heavily wounded.
The crimson imp blinks!
You block the goblin's attack.
You thump the goblin!
You kill the goblin!
Okawaru accepts your kill.
You thump Natasha!
Natasha is heavily wounded.
Natasha casts a spell.
You barely miss Natasha.
Natasha is heavily wounded.
You are feeling hungry.
Natasha casts a spell.
The crimson imp blinks!
You closely miss Natasha.
Natasha is heavily wounded.
Natasha claws you but does no damage. The white imp hits you.
* * * LOW HITPOINT WARNING * * *
The white imp freezes you. You resist.
You die...

..██⌂██...............
...██.█...............
..██.██..............
███.██.██..█.)......
███.█.██.██......█
██.█.███..██.███..██
.█.█...............██
...............5█)..██
█..............h@█...█
█..............5§█.█(██
.......÷........5█...g█████
.................██...()..█
█................████<.......!.
█................█ █..........
█.█...(.........██ █..........
█.█......█.....██ █..........
█...█...████.███ █..........


You could see Natasha, 2 crimson imps and a white imp.

Vanquished Creatures
  Ijyb (D:2)
  Natasha (D:2)
  A worm (D:2)
  4 bats
  2 giant cockroaches (D:1)
  4 goblins
  4 hobgoblins
  3 jackals (D:1)
  3 frilled lizards
  3 kobolds
  6 rats
32 creatures vanquished.

Notes
Turn   | Place    | Note
-------+----------+-------------------------------------------
     0 | D:1      | Goblin1989 the Barachi Fighter began the quest for the Orb.
     0 | D:1      | Reached XP level 1. HP: 18/18 MP: 1/1
   144 | D:1      | Reached XP level 2. HP: 17/24 MP: 2/2
   217 | D:1      | Reached skill level 3 in Maces & Flails
   536 | D:1      | Reached XP level 3. HP: 29/29 MP: 3/3
   687 | D:2      | Found a faded altar of an unknown god.
   689 | D:2      | Became a worshipper of Warmaster Okawaru
   689 | D:2      | Reached * piety under Okawaru
   788 | D:2      | Reached skill level 4 in Maces & Flails
   851 | D:2      | Noticed Natasha
   851 | D:2      | Noticed Ijyb
   859 | D:2      | Killed Ijyb
   859 | D:2      | Reached XP level 4. HP: 15/36 MP: 1/4
   871 | D:2      | Killed Natasha
   871 | D:2      | Reached skill level 5 in Maces & Flails
   871 | D:2      | Noticed Natasha
   874 | D:2      | HP: 1/36 [goblin (3)]
   879 | D:2      | HP: 1/36 [white imp[Natasha] (1)]
   879 | D:2      | Slain by a white imp

Vault maps used:
D:1:      dpeg_arrival_snail
D:2:      chequers_ecumenical_altar_twisty, kennysheep_nub, uniq_natasha,
          uniq_jessica, uniq_iyjb

Skill      XL: |  1  2  3  4 |
---------------+-------------+-----
Maces & Flails | 3 4 5 |  5.0
Fighting       | |  3.6
Armour         | |  3.6
Shields        | |  3.2

Action                   |  1- 3 |  4- 6 || total
-------------------------+-------+-------++-------
Melee: Flail             |    88 |    13 ||   101
Invok: Heroism           |     1 |       ||     1
 Abil: Hop               |       |     1 ||     1
  Use: Potion            |       |     1 ||     1
Armor: Scale mail        |    33 |     4 ||    37
Dodge: Dodged            |    31 |       ||    31
Block: Shield            |    51 |     6 ||    57

Vault maps used:
D:1:      dpeg_arrival_snail
D:2:      chequers_ecumenical_altar_twisty, kennysheep_nub, uniq_natasha,
          uniq_jessica, uniq_iyjb
